 Dungeon Crawl Stone Soup version 0.17-a0-737-gf0a300a (webtiles) character file.

68 Ololoev the Cutter (level 4, -2/24 HPs)
             Began as a Kobold Enchanter on Apr 21, 2015.
             Was an Initiate of Ashenzari.
             Slain by a goblin
             ... wielding a +0 club
              (4 damage)
             ... on level 3 of the Dungeon.
             The game lasted 00:06:21 (2667 turns).

Ololoev the Cutter (Kobold Enchanter)               Turns: 2667, Time: 00:06:21

Health: -2/24      AC:  3    Str:  7    XL:     4   Next: 41%
Magic:  1/7        EV: 15    Int: 13    God:    Ashenzari [......]
Gold:   91         SH:  0    Dex: 16    Spells: 2 memorised, 3 levels left

rFire  . . .     SeeInvis .     a - +0 short sword
rCold  . . .     Clarity  .     b - +1 robe
rNeg   . . .     SustAb   .     (shield restricted)
rPois  .         Gourm    .     (no helmet)
rElec  .         Spirit   .     (no cloak)
rCorr  .         Warding  .     (no gloves)
rMut   .         Stasis   .     (no boots)
MR     .....                    (no amulet)
Stlth  +++.......               (no ring)
                                (no ring)

@: very slightly contaminated, not resistant to hostile enchantments, fairly
stealthy
A: carnivore 3
a: Renounce Religion


Innate Abilities, Weirdness & Mutations

You are small and have problems with some larger weapons.
You are carnivorous and can eat meat at any time.

Inventory:

Hand weapons
 a - a +0 short sword (weapon)
Armour
 b - a +1 robe (worn)
Scrolls
 e - a scroll of fog {unknown}
 f - 2 scrolls of fear {unknown}
 g - a scroll of amnesia {unknown}
 h - a scroll of remove curse
 i - 2 scrolls of teleportation {unknown}
 j - a scroll of identify {unknown}
 k - a scroll of recharging {unknown}
 l - a scroll of magic mapping {unknown}
 m - a scroll of noise {unknown}
 p - a scroll of enchant armour {unknown}
Potions
 c - a potion of heal wounds {unknown}
 n - a potion of restore abilities {unknown}
 o - a potion of poison {unknown}
Comestibles
 d - 2 meat rations
 q - a chunk of flesh


   Skills:
 * Level 4.5 Short Blades
 - Level 2.4 Dodging
 - Level 4.0 Stealth
 - Level 2.0 Spellcasting
 + Level 3.5 Hexes


You had 3 spell levels left.
You knew the following spells:

 Your Spells              Type           Power        Failure   Level  Hunger
a - Corona                Hex            ##.....      8%          1    ##.....
b - Confuse               Hex            ##......     17%         3    ####...


You were on level 3 of the Dungeon.
You worshipped Ashenzari.
Ashenzari was noncommittal.
You were very full.

You visited 1 branch of the dungeon, and saw 3 of its levels.

You collected 91 gold pieces.

###### #....# #....# ##....##
#......# +......+ #......#
#@...# #(g..# #g.))#
#################)g############
≈≈≈≈≈≈≈≈≈≈≈≈≈≈≈......≈≈≈≈≈≈≈≈≈≈
≈≈≈≈≈≈≈≈≈≈≈≈≈≈≈.....≈≈≈≈≈≈≈≈≈≈≈
≈≈≈≈≈≈≈≈≈≈≈≈≈≈≈....(≈≈≈≈≈≈≈≈≈≈≈≈
≈≈≈.≈≈.≈≈≈...≈.≈.....≈≈)≈≈.≈..≈.
.................)(..(..........

Notes
Turn   | Place    | Note
--------------------------------------------------------------
     0 | D:1      | Ololoev, the Kobold Enchanter, began the quest for the Orb.
     0 | D:1      | Reached XP level 1. HP: 10/10 MP: 3/3
   456 | D:1      | Reached XP level 2. HP: 15/15 MP: 5/5
  1299 | D:2      | Reached XP level 3. HP: 19/19 MP: 6/6
  1342 | D:2      | Learned a level 3 spell: Confuse
  1393 | D:2      | Found a stormy altar of Qazlal.
  1401 | D:2      | Found a shattered altar of Ashenzari.
  1410 | D:2      | Became a worshipper of Ashenzari the Shackled
  1632 | D:2      | Found a white marble altar of Elyvilon.
  2008 | D:3      | Noticed Robin
  2307 | D:3      | Reached XP level 4. HP: 24/24 MP: 7/7
  2667 | D:3      | Slain by a goblin

Dungeon Overview and Level Annotations

Branches:
Dungeon (3/15)

Altars:
Ashenzari
Elyvilon
Qazlal

Annotations:
D:3 Robin


Message History

You hear a splash.
You catch the helpless hobgoblin completely off-guard!
You puncture the hobgoblin!
You kill the hobgoblin!
The goblin barely misses you.
The goblin unwields an uncursed hunting sling.
The goblin completely misses you.
The goblin shoots a stone.
The stone closely misses you.
You hear a splash.
You hit the goblin.
The goblin is heavily wounded.
The goblin hits you with a club. The goblin barely misses you.
The goblin shoots a stone.
The stone barely misses you.
You hear a splash.
The goblin barely misses you.
You hit the goblin but do no damage.
The goblin is heavily wounded.
The goblin unwields an uncursed hunting sling.
The goblin completely misses you.
You closely miss the goblin.
The goblin is heavily wounded.
The goblin hits you but does no damage. The goblin misses you.
The goblin closely misses you.
You barely miss the goblin.
The goblin is heavily wounded.
The goblin barely misses you. x2
The goblin hits you.
You hit the goblin.
The goblin is almost dead.
The goblin hits you. x2
The goblin hits you with a club.
You are too injured to fight recklessly!
Unknown command.
You barely miss the goblin. The goblin closely misses you. The goblin hits you.
The goblin wields an uncursed hunting sling.
The goblin shoots a stone.
The stone barely misses you. The goblin barely misses you.
You see here a stone.
The goblin hits you with a club.
You die...

You could see 3 goblins.

Vanquished Creatures
  3 adders
  A giant gecko (D:2)
  5 bats
  10 goblins
  7 hobgoblins
  2 jackals (D:1)
  5 kobolds
  A giant newt (D:1)
  7 rats
41 creatures vanquished.

Action                   |  1- 3 |  4- 6 || total
-------------------------+-------+-------++-------
Melee: Dagger            |   108 |       ||   108
       Short sword       |    12 |    24 ||    36
 Cast: Corona            |     2 |       ||     2
       Confuse           |     2 |     2 ||     4
 Stab: Sleeping          |     3 |       ||     3
       Confused          |     1 |     3 ||     4
  Eat: Chunk             |    13 |     1 ||    14

Vault maps used:
D:1:      dpeg_arrival_more_subterranean_lakeside_camping
D:2:      nicolae_overflow_hidden_temple, grunt_qazlal_sundering, serial_glass,
          glass_columns_a, glass_columns_a, nrook_loot_triangle,
          grunt_ministairs_10, ashenzari_altar_1
D:3:      minmay_goblin_kobold_castle, minivault_11, nicolae_gozag_seed_capital,
          uniq_robin
